 Dungeon Crawl Stone Soup version 0.18.1-6-gd335043 (webtiles) character file.

3421 Moloch the Spear-Bearer (level 10, -8/69 HPs)
             Began as a Hill Orc Fighter on May 19, 2016.
             Was a Believer of Beogh.
             Killed from afar by an electric eel (13 damage)
             ... with a bolt of electricity
             ... on level 8 of the Dungeon.
             The game lasted 00:13:22 (7245 turns).

Moloch the Spear-Bearer (Hill Orc Fighter)          Turns: 7245, Time: 00:13:22

Health: -8/69      AC: 18    Str: 27    XL:     10   Next: 5%
Magic:  10/10      EV:  4    Int:  8    God:    Beogh [**....]
Gold:   470        SH: 10    Dex: 11    Spells: 0 memorised, 9 levels left

rFire  + . .     SeeInvis .     P - +0 war axe (elec)
rCold  + . .     Gourm    .     p - +0 plate armour
rNeg   . . .     Faith    .     c - +0 shield
rPois  +         Spirit   .     u - +0 helmet
rElec  .         Dismiss  .     x - +0 cloak
rCorr  +         Reflect  .     v - +2 pair of gloves {Str+3}
SustAt .         Harm     .     (no boots)
MR     .....                    (no amulet)
Stlth  ..........               N - ring of resist corrosion
                                y - ring of poison resistance

@: exhausted, slowed, very slow, not resistant to hostile enchantments,
extremely unstealthy
A: cold resistance 1, fire resistance 1, frail 1, strong 1, no device heal 1
a: Smiting, Renounce Religion


You were on level 8 of the Dungeon.
You worshipped Beogh.
Beogh was pleased with you.
You were very hungry.

You visited 1 branch of the dungeon, and saw 11 of its levels.
You also visited: Sewer.

You collected 525 gold pieces.
You spent 55 gold pieces at shops.

Inventory:

Hand Weapons
 a - a +0 trident
 P - a +0 war axe of electrocution (weapon)
Armour
 c - a +0 shield (worn)
 p - a +0 plate armour (worn)
 u - a +0 helmet (worn)
 v - a +2 pair of gloves of strength (worn)
 x - a +0 cloak (worn)
Jewellery
 y - a ring of poison resistance (left hand)
 N - a ring of resist corrosion (right hand)
 O - an uncursed ring of ice
Wands
 B - a wand of lightning (7/15)
 C - a wand of disintegration (2/24)
Scrolls
 g - 8 scrolls of remove curse
 i - 4 scrolls of fear {unknown}
 j - 3 scrolls of fog {unknown}
 n - 3 scrolls of teleportation {unknown}
 q - a scroll of random uselessness {unknown}
 A - a scroll of noise {unknown}
 D - a scroll of immolation {unknown}
 E - 2 scrolls of enchant armour {unknown}
 G - 3 scrolls of blinking {unknown}
 I - 4 scrolls of identify
 R - 2 scrolls of enchant weapon {unknown}
 S - a scroll of recharging {unknown}
 T - 2 scrolls of magic mapping {unknown}
 V - a scroll of vulnerability {unknown}
 W - 2 scrolls of amnesia {unknown}
Potions
 b - a potion of magic {unknown}
 d - 4 potions of might
 e - a potion of cancellation
 l - 5 potions of heal wounds
 m - 2 potions of lignification {unknown}
 o - 7 potions of curing
 r - 5 potions of brilliance
 s - a potion of cure mutation
 t - a potion of haste
 w - 4 potions of flight
 z - a potion of invisibility
 H - a potion of agility {unknown}
 J - a potion of ambrosia {unknown}
 K - 2 potions of degeneration {unknown}
 M - a potion of berserk rage
Comestibles
 f - 7 bread rations
 h - 4 meat rations
 k - 4 slices of pizza
 F - 9 fruits
 L - 4 chunks of flesh


   Skills:
 - Level 3.6 Fighting
 + Level 14.5 Polearms
 - Level 3.2 Armour
 - Level 3.2 Shields


You had 9 spell levels left.
You didn't know any spells.

Dungeon Overview and Level Annotations

Branches:
Dungeon (11/15)            Temple (0/1) D:4
   Lair: D:8-11         Orc: D:9-12

Altars:
Elyvilon
Gozag
Kikubaaqudgha
Makhleb
Okawaru
Pakellas
Ru
Sif Muna
Vehumet

Shops:
D:6 !   D:7 :


Innate Abilities, Weirdness & Mutations

Your flesh is cold resistant.
Your flesh is heat resistant.
You are frail (-10% HP).
Your muscles are strong. (Str +2)
Potions and wands are less effective at restoring your health.


Message History

You kill the hound!
Beogh accepts your kill.
Unknown command.
The electric eel shoots out a bolt of lightning at you!
The bolt of electricity hits you!
You feel a strong urge to attack something.
You are no longer berserk.
You pass out from exhaustion.
You feel yourself slow down.
You are feeling very hungry.
The electric eel shoots out a bolt of lightning at you!
The bolt of electricity hits you!
* * * LOW HITPOINT WARNING * * *
The electric eel shoots out a bolt of lightning at you!
The bolt of electricity hits you!
* * * LOW HITPOINT WARNING * * *
You can move again.
The electric eel shoots out a bolt of lightning at you!
The bolt of electricity hits you!
You die...

≈.≈...........#.....#.#....#
.≈.≈≈...####+#.##....#.#....#
≈.≈.≈≈.≈......#.##....#.#....#
≈≈.≈≈≈≈≈.......#.##....#.#....#
≈≈......>#.......#.#....#
≈........††........#...)#
≈............###.##......
≈≈.......††....#.##..####
≈%......@..###.#.##..#...
≈.≈............#.##......
≈≈..%.......#..#.#.......
≈≈.........##..#.#.......
≈≈;............#.#....#..
≈..........###.#.###.....
≈.........####.#.###....#
≈≈..#..........#.<.......
...........###.....##....


You could see an electric eel.

Vanquished Creatures
  2 trolls
  A hungry ghost (D:10)
  Purgy (Sewer)
  A black bear (D:6)
  An orc warrior (D:7)
  3 ice beasts
  2 wasps
  A phantom (D:7)
  2 sky beasts (D:6)
  2 centaurs
  4 wolves (D:8)
  2 big kobolds
  3 giant frogs
  2 scorpions
  4 killer bees (D:8)
  An electric eel (D:8)
  A howler monkey (D:10)
  2 crimson imps
  A quasit (D:10)
  A giant frog skeleton (D:4)
  5 hounds
  An iguana (D:8)
  4 worker ants
  2 orc wizards (D:5)
  Robin (D:2)
  A worker ant zombie (D:11)
  4 gnolls (D:4)
  7 adders
  An ooze (D:1)
  A worm (D:4)
  A dart slug (D:2)
  6 giant geckos
  15 orcs
  2 ball pythons (Sewer)
  8 bats
  3 giant cockroaches
  20 goblins
  10 hobgoblins
  14 jackals
  18 kobolds
  2 quokkas
  A giant gecko skeleton (D:4)
  A giant gecko zombie (D:7)
  10 giant newts
  A quokka skeleton (D:5)
  3 rats
179 creatures vanquished.

Notes
Turn   | Place    | Note
--------------------------------------------------------------
     0 | D:1      | Moloch the Hill Orc Fighter began the quest for the Orb.
     0 | D:1      | Reached XP level 1. HP: 19/19 MP: 1/1
   193 | D:1      | Reached skill level 3 in Polearms
   193 | D:1      | Reached XP level 2. HP: 25/26 MP: 2/2
   617 | D:1      | Reached XP level 3. HP: 28/31 MP: 3/3
   983 | D:2      | Reached skill level 4 in Polearms
  1263 | D:2      | Noticed Robin
  1422 | D:1      | Reached XP level 4. HP: 39/39 MP: 4/4
  1443 | D:2      | Killed Robin
  1620 | D:2      | Reached skill level 5 in Polearms
  1880 | D:3      | Reached XP level 5. HP: 39/45 MP: 5/5
  2323 | D:3      | Found a radiant altar of Vehumet.
  2329 | D:3      | Found a sacrificial altar of Ru.
  2329 | D:3      | Found an oddly glowing altar of Pakellas.
  2332 | D:3      | Found a white marble altar of Elyvilon.
  2335 | D:3      | Found a burning altar of Makhleb.
  2454 | D:4      | Became a worshipper of Beogh the Brigand
  2525 | D:4      | Reached skill level 6 in Polearms
  2572 | D:4      | Found an ancient bone altar of Kikubaaqudgha.
  2831 | D:4      | Found a staircase to the Ecumenical Temple.
  2924 | D:4      | Reached XP level 6. HP: 28/51 MP: 6/6
  2985 | D:4      | Reached skill level 7 in Polearms
  3004 | D:5      | Entered Level 5 of the Dungeon
  3004 | D:5      | Noticed an ice beast
  3114 | D:5      | Killed an ice beast
  3243 | D:5      | Found a glowing drain.
  3251 | Sewer    | Entered a sewer
  3366 | Sewer    | Noticed Purgy
  3380 | Sewer    | Killed Purgy
  3380 | Sewer    | Reached skill level 8 in Polearms
  3380 | Sewer    | Reached XP level 7. HP: 55/57 MP: 7/7
  3734 | D:5      | Found a deep blue altar of Sif Muna.
  3753 | D:5      | Reached * piety under Beogh
  3778 | D:5      | Found an iron altar of Okawaru.
  4136 | D:6      | Found Ahogomypn's Distillery.
  4142 | D:6      | Bought a potion of berserk rage for 55 gold pieces
  4164 | D:6      | Reached skill level 9 in Polearms
  4210 | D:6      | Reached XP level 8. HP: 42/64 MP: 8/8
  4214 | D:6      | Gained mutation: Your flesh is heat resistant. [mutagenic meat]
  4215 | D:6      | Gained mutation: Your muscles are strong. (Str +2) [mutagenic meat]
  4216 | D:6      | Gained mutation: You are frail (-10% HP). [mutagenic meat]
  4217 | D:6      | Gained mutation: Your flesh is cold resistant. [mutagenic meat]
  4218 | D:6      | Gained mutation: Potions and wands are less effective at restoring your health. [mutagenic meat]
  4239 | D:6      | Reached skill level 10 in Polearms
  4937 | D:7      | Found Ecwoghir's Book Boutique.
  4998 | D:7      | Found an opulent altar of Gozag.
  5066 | D:7      | Reached skill level 11 in Polearms
  5575 | D:7      | Reached skill level 12 in Polearms
  5575 | D:7      | Reached XP level 9. HP: 55/63 MP: 9/9
  6286 | D:8      | Noticed a troll
  6299 | D:8      | Killed a troll
  6320 | D:8      | Reached skill level 13 in Polearms
  6526 | D:8      | You fall through a shaft for 3 floors!
  6628 | D:10     | Entered Level 10 of the Dungeon
  6700 | D:10     | Noticed a troll
  6714 | D:10     | Killed a troll
  6714 | D:10     | Reached ** piety under Beogh
  6785 | D:10     | Reached skill level 14 in Polearms
  7231 | D:8      | Reached XP level 10. HP: 57/69 MP: 10/10
  7245 | D:8      | Killed from afar by an electric eel

Skill      XL: |  1  2  3  4  5  6  7  8  9 |
---------------+----------------------------+-----
Polearms       | 3 4 5 6 8 9 12 14 | 14.5
Fighting       | |  3.6
Armour         | |  3.2
Shields        | |  3.2

Action                   |  1- 3 |  4- 6 |  7- 9 | 10-12 || total
-------------------------+-------+-------+-------+-------++-------
Melee: Trident           |   160 |   286 |   259 |       ||   705
       War axe           |       |       |   156 |     7 ||   163
Invok: Convert to Beogh  |       |     1 |       |       ||     1
Evoke: Wand              |       |       |     3 |       ||     3
  Use: Scroll            |     1 |     7 |     2 |       ||    10
       Potion            |       |     1 |     4 |       ||     5
 Stab: Invisible         |       |       |     7 |       ||     7
  Eat: Chunk             |     2 |     7 |    18 |       ||    27
       Royal jelly       |       |       |     2 |       ||     2
       Beef jerky        |       |       |     1 |       ||     1
Armor: Scale mail        |    27 |       |       |       ||    27
       Plate armour      |    42 |   166 |   276 |     4 ||   488
Dodge: Dodged            |    38 |    37 |    64 |     2 ||   141
Block: Shield            |    74 |   127 |   213 |     3 ||   417
